 Dungeon Crawl Stone Soup version 0.31-a0-963-ga325b2283a (webtiles) character file.

Game seed: 15589092258479499504

374 MacCMillion the Ruffian (level 6, -3/42 HPs)
             Began as an Octopode Shapeshifter on Oct 25, 2023.
             Slain by Menkaure (14 damage)
             ... on level 4 of the Dungeon.
             The game lasted 00:03:28 (3405 turns).

MacCMillion the Ruffian (Octopode Shapeshifter)     Turns: 3405, Time: 00:03:28

Health: -3/42      AC:  1    Str: 16    XL:     6   Next: 72%
Magic:  6/6        EV: 13    Int: 12    God:
Gold:   177        SH:  0    Dex: 11    Spells: 5/5 levels left

rFire   . .          .
                       - Unarmed
rCold   . . .        (no shield)
rNeg    . . .        (helmet currently unavailable)
rPois   .            (no amulet)
rElec   .            (no ring)
rCorr   .            (no ring)
SInv    .            (no ring)
Will    .....        (no ring)
Stlth   ++           (no ring)
HPRegen 0.27/turn    (no ring)
MPRegen 0.10/turn    (no ring)
                     (no ring)

%: no passive effects
@: beast-form, slowed, very slow
A: beast (slay +2), almost no armour, amphibious, 8 rings, camouflage 1,
gelatinous body 1, (nimble swimmer 1), tentacles
a: Begin Untransformation


You were on level 4 of the Dungeon.
You were a hulking beast.
You visited 1 branch of the dungeon, and saw 4 of its levels.

You collected 177 gold pieces.

Inventory:

Jewellery
 f - a ring of fire
 m - an amulet of regeneration
Talismans
 b - a beast talisman
 c - a flux talisman
Scrolls
 d - a scroll of poison {unknown}
 e - a scroll of fog {unknown}
 g - 2 scrolls of teleportation {unknown}
 h - 2 scrolls of identify {unknown}
 i - a scroll of silence {unknown}
 j - a scroll of vulnerability {unknown}
 k - a scroll of blinking {unknown}
 l - a scroll of fear {unknown}
Potions
 a - a potion of heal wounds {unknown}


   Skills:
 + Level 3.0 Fighting
 + Level 3.5 Dodging
 * Level 5.1 Unarmed Combat
 + Level 4.0 Shapeshifting


You had 5 spell levels left.
You didn't know any spells.
Your spell library contained the following spells:

 Spells                   Type           Power      Damage    Failure   Level
 Blink                    Tloc           0%         N/A       45%         2
 Manifold Assault         Tloc           0%         N/A       97%         4


Dungeon Overview and Level Annotations

Branches:
Dungeon (4/15)
 Temple: D:4-7

Altars:
Yredelemnul

Annotations:
D:3 1 runed translucent door
D:4 Menkaure, Natasha


Innate Abilities, Weirdness & Mutations

You are a hulking beast.
Your limbs bulge with bestial killing power. (Slay +2)
You cannot wear most types of armour.
You are amphibious.
You can wear up to eight rings at the same time.
Your skin changes colour to match your surroundings (Stealth+).
Your rubbery body absorbs attacks. (AC +1, EV +1)
((You are camouflaged when in or above water. (Stealth+)))
You have tentacles for arms and can constrict up to eight enemies at once.


Message History

You open the door.
There is an open door here.
You open the door.
There is an open door here.
m - an amulet of regeneration
There is an open door here.
An endoplasm comes into view.
An endoplasm is nearby!
An endoplasm is nearby!
Menkaure, Prince of Dust comes into view.
Found a robe.
Menkaure shouts!
Natasha, Servant of Life and Death comes into view.
The endoplasm quivers.
Natasha hisses angrily.
Menkaure draws the symbol "Udjat" in the dust.
Menkaure casts a spell.
Menkaure seems to speed up.
Menkaure casts a spell at you. Pain shoots through your body!
Menkaure giggles, "These cerements are ticklish..."
Menkaure calls on the powers of darkness!
Natasha convulses!
The endoplasm convulses!
Your body is wracked with pain!
The endoplasm jiggles.
Natasha casts a spell.
Menkaure grins.
Menkaure calls on the powers of darkness!
Natasha convulses!
The endoplasm convulses!
Your body is wracked with pain!
Natasha stares at you and mumbles some strange words.
You feel yourself slow down.
Natasha mumbles some strange words.
The cerulean imp hits you from afar with a +2 spear.
The endoplasm attacks as it pursues you!
The endoplasm misses you.
The cerulean imp hits you from afar with a +2 spear.
Natasha mumbles some strange words.
The cerulean imp hits you from afar with a +1 spear.
* * * LOW HITPOINT WARNING * * *
Menkaure attacks as he pursues you! Menkaure hits you!
You die...

###### ###....####
##.........##
#..........<#
##..........h##
#...........JM# ..
#.............# #.#
#.........55..###.. ####
##.............##..###....
#........5.....##.#.......
#.........h...##..........
#.............##.#J.......
#.............#.....Mh....


You could see Menkaure (fast), Natasha, 3 cerulean imps and an endoplasm.

Vanquished Creatures
  A centaur (D:4)
  A scorpion (D:2)
  An orc priest (D:3)
  Jessica (D:3)
  Terence (D:3)
  Robin (D:2)
  5 gnolls
  2 adders
  A white imp (D:4)
  2 worms (D:2)
  3 dart slugs
  4 orcs
  6 bats
  6 endoplasms
  3 giant cockroaches
  11 goblins
  2 hobgoblins (D:2)
  A quokka (D:4)
  4 ball pythons
  2 frilled lizards
  3 kobolds (D:1)
  A kobold skeleton (D:3)
  4 rats
66 creatures vanquished.

Notes
Turn   | Place    | Note
-------+----------+-------------------------------------------
     0 | D:1      | MacCMillion the Octopode Shapeshifter began the quest for
                  | the Orb.
     0 | D:1      | Reached XP level 1. HP: 13/13 MP: 1/1
   263 | D:1      | Reached XP level 2. HP: 16/18 MP: 2/2
   707 | D:1      | Reached XP level 3. HP: 12/23 MP: 3/3
  1029 | D:2      | Noticed a scorpion
  1038 | D:2      | Killed a scorpion
  1039 | D:2      | Reached XP level 4. HP: 10/29 MP: 4/4
  1275 | D:2      | Reached skill level 4 in Unarmed Combat
  1313 | D:2      | Noticed Robin
  1335 | D:2      | Reached XP level 5. HP: 20/34 MP: 5/5
  1336 | D:2      | Killed Robin
  1963 | D:3      | Noticed a human
  1963 | D:3      | Found a runed translucent door.
  1963 | D:3      | Found a basalt altar of Yredelemnul.
  2089 | D:3      | HP: 2/52 [orc priest/divine providence (12)]
  2097 | D:3      | HP: 2/52 [orc/+0 dagger (1)]
  2678 | D:3      | Noticed Terence
  2683 | D:3      | Killed Terence
  2684 | D:3      | Reached XP level 6. HP: 29/41 MP: 6/6
  2760 | D:3      | Noticed Jessica
  2764 | D:3      | Killed Jessica
  2977 | D:4      | Reached skill level 5 in Unarmed Combat
  3373 | D:4      | Noticed Menkaure
  3374 | D:4      | Noticed Natasha
  3405 | D:4      | Slain by Menkaure

Illustrated notes

Levels and vault maps discovered:
D:1:      dpeg_arrival_rhombi, layout_loops_corners
D:2:      layout_loops_ring, grunt_ministairs_6, uniq_robin
D:3:      layout_loops_ring, dk_yredelemnul_ordeal, minmay_hedge_maze,
          uniq_terence, uniq_jessica
D:4:      layout_cave_pods, minmay_quadrilaterals, uniq_blork_the_orc,
          uniq_natasha, uniq_menkaure

Skill      XL: |  1  2  3  4  5  6 |
---------------+-------------------+-----
Fighting       | 2 3 |  3.0
Unarmed Combat | 4 5 |  5.1
Dodging        | 3 |  3.5
Shapeshifting  | 4 |  4.0

Action                     |  1- 3 |  4- 6 || total
---------------------------+-------+-------++-------
  Melee: Unarmed           |    42 |    89 ||   131
         Constrict         |     7 |    21 ||    28
         Tentacles         |     7 |    15 ||    22
         Punch             |     1 |     1 ||     2
    Use: Potion            |       |     2 ||     2
   Stab: Sleeping          |     6 |     5 ||    11
 Armour: Skin              |    18 |    72 ||    90
  Dodge: Dodged            |    22 |    39 ||    61

Table legend: (Time is in decaauts)
 A = Elapsed time spent in this place.
 B = Non-inter-level travel time spent in this place.
 C = Inter-level travel time spent in this place.
 D = Time resting spent in this place.
 E = Time spent auto-exploring this place.
 F = Levels seen in this place.
 G = Mean time per level.
                   A        B        C        D        E       F      G
               +--------+--------+--------+--------+--------+-----+--------+
         Total |   3396 |   3354 |     42 |    611 |   2359 |   4 |  849.0 |
       Dungeon |   3396 |   3354 |     42 |    611 |   2359 |   4 |  849.0 |
               +--------+--------+--------+--------+--------+-----+--------+

Top non-repeatable levels by time:
     D:1: 1025 daAuts
     D:3: 959 daAuts
     D:2: 931 daAuts
     D:4: 480 daAuts
